 Dungeon Crawl Stone Soup version 0.30-a0-393-g54b8e3be05 (webtiles) character file.

Game seed: 6038164154419838160

115 lunkers the Twirler (level 5, 0/41 HPs)
             Began as a Meteoran Gladiator on Dec 6, 2022.
             Was an Initiate of Makhleb.
             Succumbed to a scorpion's poison
             ... on level 4 of the Dungeon.
             The game lasted 00:05:55 (1129 turns).

lunkers the Twirler (Meteoran Gladiator)            Turns: 1129, Time: 00:05:56

Health: 0/41       AC:  4    Str: 18    XL:     5   Next: 44%
Magic:  6/6        EV: 13    Int:  9    God:    Makhleb [......]
Gold:   178        SH:  0    Dex: 15    Spells: 4/4 levels left

rFire   . . .      SeeInvis .    a - +0 quarterstaff
rCold   . . .      Faith    .    (shield currently unavailable)
rNeg    . . .      Spirit   .    b - +0 leather armour
rPois   .          Reflect  .    c - +0 helmet
rElec   .          Harm     .    (no cloak)
rCorr   .          Rampage  .    (no gloves)
Will    .....                    (no boots)
Stlth   +.........               (no amulet)
HPRegen 0.26/turn                (no ring)
MPRegen 0.10/turn                (no ring)

@: lethally poisoned (0 -> -9), glowing
A: sense surroundings 1, otherworldly, glowing, explore regen
a: Renounce Religion


You were on level 4 of the Dungeon.
You worshipped Makhleb.
Makhleb was noncommittal.
You visited 1 branch of the dungeon, and saw 4 of its levels.

You collected 178 gold pieces.

Inventory:

Hand Weapons
 a - a +0 quarterstaff (weapon)
 i - a +0 mace of holy wrath
Missiles
 d - 3 throwing nets
 e - 6 javelins
Armour
 b - a +0 leather armour (worn)
 c - a +0 helmet (worn)
 h - a +0 buckler
Scrolls
 g - 2 scrolls of fear {unknown}
 j - a scroll of fog {unknown}
 m - 4 scrolls of identify {unknown}
 r - a scroll of summoning {unknown}
Potions
 f - a potion of cancellation {unknown}
 k - a potion of heal wounds {unknown}
 l - a potion of haste {unknown}
 n - a potion of curing {unknown}
 o - a potion of might {unknown}
 p - a potion of resistance {unknown}
 q - a potion of attraction {unknown}


   Skills:
 - Level 2.1 Fighting
 + Level 6.6 Staves
 - Level 2.4 Throwing
 - Level 3.6 Dodging


You had 4 spell levels left.
You didn't know any spells.
Your spell library was empty.

Dungeon Overview and Level Annotations

Branches:
Dungeon (4/15) Zot: 1258
 Temple: D:4-7

Altars:
Kikubaaqudgha
Makhleb

Shops:
D:4 ?


Innate Abilities, Weirdness & Mutations

You passively map a small area around you.
You are easily found by Zot.
You glow in the dark.
You regain HP and MP as you explore.


Message History

You hit the scorpion but do no damage.
You feel very sick. The scorpion stings you.
You are more poisoned.
The scorpion poisons you!
You barely miss the scorpion.
You feel very sick.
The ball python bites you but does no damage.
The ball python grabs you. The ball python constricts you.
The scorpion stings you but does no damage.
You barely miss the ball python.
You feel very sick. The ball python closely misses you.
The ball python constricts you.
* * * LOW HITPOINT WARNING * * *
The scorpion stings you but does no damage.
The ball python bites you but does no damage.
The ball python constricts you.
* * * LOW HITPOINT WARNING * * *
You escape the ball python's grasp.
You feel sick. The scorpion stings you.
* * * LOW HITPOINT WARNING * * *
You are more poisoned.
The scorpion poisons you!
Okay, then.
You closely miss the scorpion.
* * * LOW HITPOINT WARNING * * *
You feel very sick. The scorpion closely misses you.
Okay, then.
You barely miss the scorpion.
* * * LOW HITPOINT WARNING * * *
You feel very sick. The scorpion stings you!
* * * LOW HITPOINT WARNING * * *
You hit the scorpion.
The scorpion is moderately wounded.
* * * LOW HITPOINT WARNING * * *
You feel sick. The scorpion completely misses you.
You completely miss the scorpion.
The scorpion is moderately wounded.
You die...

* * *** #.'.....##'##.
....... #.##...##...##
.......#####.###.##.....#
>
...............#'#...8..)
.......#####.###.##.....#
..(.... #.#.#....##...##
....... #..∩..######+##.
......l###.#.##### ##
......Ss@........# *, #
,......o###.#####.# ,##
..[.... #.# #.# #.
....... #.#####.# #.
,....... #.......## ...
....... ##.......#######
* ...####
#.......)....... ...
#.......)####... *
#........# #.##


You could see a scorpion, an iguana, an orc and a ball python.

Vanquished Creatures
  An orc priest (D:4)
  A hound (D:4)
  A gnoll (D:1)
  3 orcs (D:4)
  3 ball pythons
  7 bats
  An endoplasm (D:1)
  5 giant cockroaches
  7 goblins
  2 hobgoblins
  6 kobolds
  A quokka (D:2)
  4 frilled lizards
  A rat (D:3)
43 creatures vanquished.

Vanquished Creatures (others)
  16 plants (D:1)
16 creatures vanquished.

Grand Total: 59 creatures vanquished

Notes
Turn   | Place    | Note
-------+----------+-------------------------------------------
     0 | D:1      | lunkers the Meteoran Gladiator began the quest for the Orb.
     0 | D:1      | Reached XP level 1. HP: 17/17 MP: 2/2
    77 | D:1      | Reached skill level 4 in Staves
    84 | D:1      | Reached XP level 2. HP: 8/24 MP: 3/3
   185 | D:1      | Reached XP level 3. HP: 29/29 MP: 4/4
   215 | D:1      | Reached skill level 5 in Staves
   515 | D:2      | Found a burning altar of Makhleb.
   544 | D:2      | Became a worshipper of Makhleb the Destroyer
   594 | D:3      | Reached XP level 4. HP: 36/36 MP: 5/5
   656 | D:3      | Found a faded altar of an unknown god.
   821 | D:3      | Found an ancient bone altar of Kikubaaqudgha.
   977 | D:4      | Reached skill level 6 in Staves
  1044 | D:4      | Reached XP level 5. HP: 34/41 MP: 6/6
  1088 | D:4      | Found Uca Emoce's Magic Scroll Boutique.
  1129 | D:4      | Succumbed to a scorpion's poison

Illustrated notes

Levels and vault maps discovered:
D:1:      minmay_arrival_doors, layout_basic, dk_noncrumbling_4,
          serial_bayou_lagoon_a
D:2:      layout_basic, basic_altar, hangedman_feature_mirror,
          minmay_heptomino_d4
D:3:      layout_loops_ring, amcnicky_altar_gilded,
          dreamdust_ecumenical_altar_grove, minivault_11
D:4:      layout_basic, serial_shops, nicolae_shop_crystal,
          gammafunk_ghost_cemetery, nicolae_hexahallways

Skill      XL: |  1  2  3  4 |
---------------+-------------+-----
Staves         | 4 5 6 |  6.6
Fighting       | |  2.1
Throwing       | |  2.4
Dodging        | |  3.6

Action                   |  1- 3 |  4- 6 || total
-------------------------+-------+-------++-------
Melee: Quarterstaff      |    85 |    61 ||   146
Armor: Leather armour    |    40 |    17 ||    57
Dodge: Dodged            |    66 |    26 ||    92

Table legend: (Time is in decaauts)
 A = Elapsed time spent in this place.
 B = Non-inter-level travel time spent in this place.
 C = Inter-level travel time spent in this place.
 D = Time resting spent in this place.
 E = Time spent auto-exploring this place.
 F = Levels seen in this place.
 G = Mean time per level.
                   A        B        C        D        E       F      G
               +--------+--------+--------+--------+--------+-----+--------+
         Total |   1141 |   1117 |     24 |      0 |    744 |   4 |  285.2 |
       Dungeon |   1141 |   1117 |     24 |      0 |    744 |   4 |  285.2 |
               +--------+--------+--------+--------+--------+-----+--------+

Top non-repeatable levels by time:
     D:3: 375 daAuts
     D:2: 321 daAuts
     D:1: 251 daAuts
     D:4: 192 daAuts
